 Dungeon Crawl Stone Soup version 0.19.0-2-gae57169 (webtiles) character file.

399 Patchouli the Ruffian (level 6, -2/62 HPs)
             Began as a Troll Monk on Nov 4, 2016.
             Slain by a bullfrog (5 damage)
             ... in a sewer.
             The game lasted 00:06:22 (747 turns).

Patchouli the Ruffian (Troll Monk)                   Turns: 747, Time: 00:06:22

Health: -2/62      AC:  3    Str: 22    XL:     6   Next: 53%
Magic:  5/5        EV: 11    Int:  6    God:
Gold:   63         SH:  0    Dex: 12    Spells: 0 memorised, 5 levels left

rFire  . . .     SeeInvis .       - Unarmed
rCold  . . .     Gourm    +     a - +0 robe
rNeg   . . .     Faith    .     (no shield)
rPois  .         Spirit   .     (helmet restricted)
rElec  .         Reflect  .     (no cloak)
rCorr  .         Harm     .     (gloves unavailable)
MR     .....                    (boots unavailable)
Stlth  ++........               (no amulet)
                                (no ring)
                                g - -2 ring of protection (curse)

@: no status effects
A: unfitting armour, claws 3, fast metabolism 3, gourmand, regeneration 1,
shaggy fur 1, tough skin 2
a: no special abilities


You were in a sewer.
You were completely stuffed.

You visited 1 branch of the dungeon, and saw 4 of its levels.
You also visited: Sewer.

You collected 63 gold pieces.

Inventory:

Armour
 a - a +0 robe (worn)
Jewellery
 g - a cursed -2 ring of protection (left claw)
Books
 d - a book of Cantrips

   Spells                             Type                      Level
   a - Confusing Touch                Hexes                        1
   b - Animate Skeleton               Necromancy                   1
   c - Summon Small Mammal            Summoning                    1
   d - Apportation                    Translocation                1
Comestibles
 b - 3 bread rations
 c - a meat ration
 f - a beef jerky
 h - 4 chunks of flesh
 i - a royal jelly


   Skills:
 + Level 3.7 Fighting
 + Level 3.7 Dodging
 - Level 1.0 Stealth
 * Level 5.6 Unarmed Combat


You had 5 spell levels left.
You didn't know any spells.

Dungeon Overview and Level Annotations

Branches:
Dungeon (6/15)             Temple (0/1) D:6

Altars:
Kikubaaqudgha
Sif Muna
Trog


Innate Abilities, Weirdness & Mutations

You are too large for most types of armour.
You have claws for hands.
Your metabolism is lightning-fast.
You like to eat raw meat.
Your natural rate of healing is unusually fast.
You are covered in fur. (AC +1)
You have very tough skin. (AC +2)


Message History

You claw the bullfrog!
You kill the bullfrog!
The bullfrog closely misses you.
You completely miss the bullfrog. The bullfrog hits you!
* * * LOW HITPOINT WARNING * * *
The leopard gecko completely misses you.
The bullfrog hits you!
* * * LOW HITPOINT WARNING * * *
You barely miss the bullfrog.
The leopard gecko bites you but does no damage.
The bullfrog hits you.
* * * LOW HITPOINT WARNING * * *
You aren't carrying any potions.
Okay, then.
You claw the bullfrog!
The bullfrog is severely wounded.
The leopard gecko bites you.
* * * LOW HITPOINT WARNING * * *
The bullfrog hits you.
You die...

#≈.≈###≈≈≈###≈≈≈≈#
##≈≈##≈≈.≈≈≈.##≈≈≈#
##≈.##≈÷≈.≈≈≈≈≈##≈≈##
#≈≈≈≈≈.÷≈.≈≈.≈≈≈#.≈≈#
#≈≈≈.≈#######≈≈≈##≈.#
#######≈###≈.≈≈≈##.≈≈#≈≈#
#≈≈≈.≈###l.≈≈.≈≈≈##≈≈#≈.≈
#.≈≈≈≈#.lFJ.≈≈...≈#.≈##≈≈
#≈≈≈≈≈#.@##≈.≈$.≈≈##≈≈#≈≈
#≈†#≈≈#≈.#≈≈≈l$$..≈#≈≈#≈≈
#≈≈#≈.#≈.#≈≈≈≈?...≈#≈≈#÷≈
#≈≈#≈##≈≈#≈≈≈≈..≈≈≈#≈≈#≈≈
#≈≈#≈#≈≈≈#≈≈≈≈≈.≈≈≈#≈≈#≈≈
#≈.#≈#∩≈≈#≈≈≈≈≈≈≈≈≈#≈≈#≈≈
#≈≈#≈#≈≈.##≈≈.≈.≈≈##..#≈≈
#≈≈#≈###≈≈# #†≈##.≈
#..#≈≈.#≈≈## ##≈≈#..≈


You could see a bullfrog, an ooze and 2 leopard geckos.

Vanquished Creatures
  An ogre (D:6)
  2 bullfrogs
  Ijyb (D:2)
  A worker ant (D:6)
  3 adders (Sewer)
  A river rat (D:6)
  7 oozes
  9 leopard geckos (Sewer)
  3 orcs (D:6)
  12 giant cockroaches
  2 hobgoblins (D:1)
  13 ball pythons (Sewer)
  4 bats
  5 frilled lizards (Sewer)
  3 rats
67 creatures vanquished.

Notes
Turn   | Place    | Note
-------+----------+-------------------------------------------
     0 | D:1      | Patchouli the Troll Monk began the quest for the Orb.
     0 | D:1      | Reached XP level 1. HP: 22/22 MP: 0/0
   132 | D:2      | Found a deep blue altar of Sif Muna.
   140 | D:2      | Found a bloodstained altar of Trog.
   145 | D:2      | Found an ancient bone altar of Kikubaaqudgha.
   192 | D:2      | Reached XP level 2. HP: 28/29 MP: 1/1
   226 | D:2      | Noticed Ijyb
   240 | D:2      | Killed Ijyb
   240 | D:2      | Reached XP level 3. HP: 22/36 MP: 2/2
   274 | D:3      | You fall through a shaft for 3 floors!
   300 | D:6      | Noticed a bullfrog
   307 | D:6      | Killed a bullfrog
   307 | D:6      | Reached skill level 4 in Unarmed Combat
   307 | D:6      | Reached XP level 4. HP: 36/45 MP: 3/3
   313 | D:6      | Found a staircase to the Ecumenical Temple.
   368 | D:6      | Noticed an ogre
   374 | D:6      | Killed an ogre
   374 | D:6      | Reached XP level 5. HP: 53/53 MP: 4/4
   394 | D:6      | Found a glowing drain.
   398 | Sewer    | Entered a sewer
   402 | Sewer    | Reached skill level 5 in Unarmed Combat
   526 | Sewer    | Reached XP level 6. HP: 59/61 MP: 5/5
   747 | Sewer    | HP: 3/62 [leopard gecko (2)]
   747 | Sewer    | Slain by a bullfrog

Skill      XL: |  1  2  3  4  5 |
---------------+----------------+-----
Fighting       | 3 |  3.7
Dodging        | 3 |  3.7
Unarmed Combat | 4 5 |  5.6
Stealth        | |  1.0

Action                   |  1- 3 |  4- 6 || total
-------------------------+-------+-------++-------
Melee: Unarmed           |    37 |   130 ||   167
       Punch             |     1 |     2 ||     3
  Use: Scroll            |     3 |       ||     3
       Potion            |     1 |       ||     1
 Stab: Sleeping          |     1 |     1 ||     2
  Eat: Chunk             |     2 |    11 ||    13
Armor: Robe              |    11 |    34 ||    45
Dodge: Dodged            |    16 |    95 ||   111
